 Dungeon Crawl Stone Soup version 0.23-b1-70-gd12f7cf (webtiles) character file.

Game seed: 17748135414606774190

193 redwoodhats the Ruffian (level 5, -3/42 HPs)
             Began as a Centaur Gladiator on Feb 6, 2019.
             Slain by Pikel
             ... wielding a +2 whip of flaming
              (5 damage)
             ... on level 4 of the Dungeon.
             The game lasted 00:15:58 (3697 turns).

redwoodhats the Ruffian (Centaur Gladiator)         Turns: 3697, Time: 00:15:59

Health: -3/42      AC:  5    Str: 17    XL:     5   Next: 43%
Magic:  5/5        EV: 10    Int:  7    God:
Gold:   159        SH:  0    Dex: 11    Spells: 4/4 levels left

rFire    . . .     SeeInvis .     - Unarmed
rCold    . . .     Gourm    .   (no shield)
rNeg     . . .     Faith    .   a - +0 leather armour
rPois    .         Spirit   .   b - +0 helmet
rElec    .         Reflect  .   (no cloak)
rCorr    .         Harm     .   (no gloves)
MR       .....                  (no barding)
Stlth    ++........             (no amulet)
HPRegen  0.14/turn              g - ring of stealth
MPRegen  0.09/turn              (no ring)

@: very quick
A: large, hooves 3, deformed body, speed 2, tough skin 3
a: no special abilities


You were on level 4 of the Dungeon.
You were not hungry.

You visited 1 branch of the dungeon, and saw 4 of its levels.

You collected 159 gold pieces.

Inventory:

Hand Weapons
 o - a cursed +0 spear
Missiles
 c - 2 throwing nets (quivered)
 f - 64 sling bullets
 k - 7 tomahawks
 n - 4 javelins
Armour
 a - a +0 leather armour (worn)
 b - a +0 helmet (worn)
 h - a +0 pair of boots
 j - a cursed +0 leather armour
Jewellery
 g - a ring of stealth (left hand)
 m - an uncursed ring of protection from cold {unknown}
Scrolls
 e - 2 scrolls of identify
 l - a scroll of fear {unknown}
Potions
 i - 2 potions of heal wounds {unknown}
 p - a potion of lignification
 q - a potion of flight
Comestibles
 d - 5 rations


   Skills:
 + Level 2.4 Fighting
 + Level 2.6 Throwing
 + Level 1.3 Armour
 + Level 2.9 Dodging
 + Level 0.3 Stealth
 + Level 4.5 Unarmed Combat


You had 4 spell levels left.
You didn't know any spells.
Your spell library was empty.

Dungeon Overview and Level Annotations

Branches:
Dungeon (4/15)
 Temple: D:4-7

Altars:

Annotations:
D:4 Pikel


Innate Abilities, Weirdness & Mutations

You have hooves in place of feet.
Armour fits poorly on your strangely shaped body.
You cover ground very quickly.
You have extremely tough skin. (AC +3)


Message History

Pikel is moderately wounded.
Pikel barely misses you.
You hit Pikel. You kick Pikel.
Pikel is heavily wounded.
Pikel hits you with a +2 whip of flaming!
Pikel burns you.
* * * LOW HITPOINT WARNING * * *
You completely miss Pikel.
Pikel is heavily wounded.
Pikel barely misses you.
You closely miss Pikel. You kick Pikel.
Pikel is heavily wounded.
Pikel hits you with a +2 whip of flaming.
* * * LOW HITPOINT WARNING * * *
Pikel burns you.
* * * LOW HITPOINT WARNING * * *
You hit Pikel but do no damage. You kick Pikel.
Pikel is heavily wounded.
Pikel hits you with a +2 whip of flaming.
You die...

#......#...##...K..p......
#...........#...p.>..p....
#...........#.............
#...........#....†........
#..<........#.............
#...........#.............
#.......ppp.#.............
#.....###K###.............
#.....###@..############..
#............# #..
#............# #..
#............+ #..
#............# #..
#............# #..
############## #.. ###


You could see Pikel and 3 slaves.

Vanquished Creatures
  2 worker ants (D:4)
  4 gnolls (D:2)
  5 adders
  2 oozes
  A dart slug (D:1)
  A leopard gecko (D:3)
  4 bats
  5 giant cockroaches
  8 goblins
  A hobgoblin (D:1)
  4 jackals (D:1)
  8 kobolds
  A quokka (D:2)
  2 ball pythons
  A frilled lizard (D:2)
  8 rats
  2 bushes (D:2)
59 creatures vanquished.

Notes
Turn   | Place    | Note
-------+----------+-------------------------------------------
     0 | D:1      | redwoodhats the Centaur Gladiator began the quest for the
                  | Orb.
     0 | D:1      | Reached XP level 1. HP: 17/17 MP: 1/1
   571 | D:1      | Reached XP level 2. HP: 17/24 MP: 2/2
   996 | D:2      | Reached XP level 3. HP: 29/29 MP: 3/3
  1789 | D:2      | Reached XP level 4. HP: 36/36 MP: 4/4
  2003 | D:2      | Reached skill level 4 in Unarmed Combat
  2983 | D:3      | Reached XP level 5. HP: 41/42 MP: 5/5
  3344 | D:4      | Reached skill level 1 in Armour
  3478 | D:4      | Noticed Pikel
  3478 | D:4      | Noticed a slave
  3478 | D:4      | Noticed a slave
  3478 | D:4      | Noticed a slave
  3478 | D:4      | Noticed a slave
  3696 | D:4      | HP: 2/42 [Pikel/+2 whip of flaming (3)]
  3697 | D:4      | Slain by Pikel

Skill      XL: |  1  2  3  4  5 |
---------------+----------------+-----
Unarmed Combat | 4 |  4.5
Armour         | 1 |  1.3
Fighting       | |  2.4
Throwing       | |  2.6
Dodging        | |  2.9
Stealth        | |  0.3

Action                   |  1- 3 |  4- 6 || total
-------------------------+-------+-------++-------
Melee: Unarmed           |   112 |   260 ||   372
       Kick              |    24 |   117 ||   141
       Punch             |     1 |     4 ||     5
Throw: Throwing net      |       |     2 ||     2
  Use: Potion            |     3 |       ||     3
       Scroll            |     1 |     6 ||     7
 Stab: Sleeping          |       |     3 ||     3
  Eat: Ration            |     1 |     1 ||     2
Armor: Leather armour    |    37 |    28 ||    65
Dodge: Dodged            |    53 |    41 ||    94
